 Dungeon Crawl Stone Soup version 0.23.2-1-ga50397a6bc (webtiles) character file.

Game seed: 13885589168706506559

55616 Nattfarinn the Geomancer (level 14, -8/88 HPs)
             Began as a Gargoyle Earth Elementalist on May 31, 2019.
             Was a High Priest of Sif Muna.
             Shot with a bolt by a yaktaur captain (42 damage)
             ... on level 15 of the Dungeon.
             The game lasted 02:02:06 (25220 turns).

Nattfarinn the Geomancer (GrEE)                    Turns: 25220, Time: 02:02:07

Health: -8/88      AC: 16    Str:  8    XL:     14   Next: 78%
Magic:  6/29       EV: 21    Int: 21    God:    Sif Muna [*****.]
Gold:   1577       SH:  0    Dex: 21    Spells: 15/35 levels left

rFire    + + .     SeeInvis .   M - +6 war axe "Lozoh" {holy, rF+ Str-5 Int+2 Dex+4}
rCold    . . .     Gourm    +   (no shield)
rNeg     + . .     Faith    .   Z - +1 robe {MR+}
rPois    ∞         Spirit   .   T - +0 helmet
rElec    +         Reflect  .   A - scarf {cloud immunity}
rCorr    .         Harm     .   (no gloves)
MR       ++...                  (no boots)
Stlth    ++........             y - amulet of Getusuno {Gourm Fragile rF+ Dex+6}
HPRegen  0.24/turn              (no ring)
MPRegen  0.21/turn              (no ring)

@: flying, studying Armour
A: big wings, negative energy resistance 1, electricity resistance, unbreathing,
petrification resistance, rot immunity, AC +10
a: Stop Flying, Divine Energy, Channel Magic, Forget Spell, Renounce Religion


You were on level 15 of the Dungeon.
You worshipped Sif Muna.
Sif Muna was extremely pleased with you.
You were completely stuffed.

You visited 1 branch of the dungeon, and saw 15 of its levels.
You also visited: Sewer, Ossuary and Bailey.

You collected 1689 gold pieces.
You spent 112 gold pieces at shops.

Inventory:

Hand Weapons
 B - a +5 dire flail of draining
 M - the +6 war axe "Lozoh" (weapon) {holy, rF+ Str-5 Int+2 Dex+4}
   (You took it off an orc on level 12 of the Dungeon)

   It has been blessed by the Shining One to cause great damage to the undead
   and demons.
   It affects your strength (-5).
   It affects your intelligence (+2).
   It affects your dexterity (+4).
   It protects you from fire.
Missiles
 b - 276 stones (quivered)
 O - 20 javelins of returning
Armour
 r - a +2 cloak
 v - a +2 plate armour of fire resistance
 A - a scarf of cloud immunity (worn)
 T - a +0 helmet (worn)
 Z - a +1 robe of magic resistance (worn)
Jewellery
 y - the amulet of Getusuno (around neck) {Gourm Fragile rF+ Dex+6}
   (You took it off a crimson imp on level 12 of the Dungeon)

   [amulet of the gourmand]

   It allows you to eat raw meat even when not hungry.
   It affects your dexterity (+6).
   It protects you from fire.
   It will be destroyed if unequipped.
 C - an uncursed ring of positive energy
 K - an uncursed amulet of magic regeneration
Wands
 o - a wand of acid (11)
 q - a wand of digging (9)
 w - a wand of paralysis (12)
 x - a wand of enslavement (3)
 z - a wand of polymorph (27)
 X - a wand of flame (12)
 Y - a wand of iceblast (9)
Scrolls
 a - 6 scrolls of immolation
 c - 3 scrolls of enchant weapon
 e - a scroll of torment {unknown}
 f - 8 scrolls of remove curse
 h - 9 scrolls of amnesia
 l - 13 scrolls of teleportation
 m - a scroll of silence {unknown}
 n - a scroll of fog
 D - 4 scrolls of fear
 E - a scroll of random uselessness {unknown}
 G - a scroll of summoning {unknown}
 I - a scroll of enchant armour {unknown}
 L - a scroll of identify
 P - a scroll of acquirement {unknown}
 U - a scroll of magic mapping
 W - a scroll of brand weapon {unknown}
Potions
 g - 3 potions of might
 i - 3 potions of agility
 j - 2 potions of resistance
 k - a potion of heal wounds
 p - a potion of invisibility
 s - 2 potions of magic
 t - 2 potions of curing
 H - a potion of cancellation {unknown}
 J - 5 potions of mutation
 N - a potion of berserk rage {unknown}
 S - a potion of lignification {unknown}
 V - 3 potions of brilliance
Books
 Q - a manual of
Armour
 R - a manual of Armour
Comestibles
 d - 20 rations


   Skills:
 - Level 10.4 Fighting
 - Level 13.1 Armour
 - Level 10.2 Dodging
 - Level 2.1 Stealth
 - Level 11.1 Spellcasting
 * Level 9.7 Conjurations
 - Level 0.7 Transmutations
 + Level 14.0 Earth Magic


You had 15 spell levels left.
You knew the following spells:

 Your Spells              Type           Power        Failure   Level  Hunger
a - Sandblast             Erth           ######       1%          1    None
b - Stone Arrow           Conj/Erth      ######       1%          3    None
c - Lee's Rapid Deconstr  Erth           ######....   1%          5    ####...
d - Sting                 Conj/Pois      ####         1%          1    None
e - Petrify               Tmut/Erth      #####...     2%          4    #......
f - Iron Shot             Conj/Erth      ######....   7%          6    ######.

Your spell library contained the following spells:

 Spells                   Type           Power        Failure   Level  Hunger
 Shock                    Conj/Air       ####         1%          1    None
 Passwall                 Tmut/Erth      #####...     1%          2    None
 Iskenderun's Mystic Bla  Conj           ######..     1%          4    #......
 Conjure Flame            Conj/Fire      ####....     2%          3    None
 Leda's Liquefaction      Hex/Erth       #####.....   3%          4    #......
 Beastly Appendage        Tmut           ##....       4%          1    None
 Mephitic Cloud           Conj/Pois/Air  ####....     4%          3    None
 Corona                   Hex            ##.....      6%          1    None
 Sticks to Snakes         Tmut           ##......     6%          2    None
 Poisonous Vapours        Pois/Air       ##....       9%          2    None
 Slow                     Hex            ##......     9%          2    None
 Spider Form              Tmut/Pois      ##........   16%         3    None
 Inner Flame              Hex/Fire       ##......     17%         3    None
 Portal Projectile        Hex/Tloc       ##....       17%         3    None
 Teleport Other           Tloc           ##......     17%         3    None
 Irradiate                Conj/Tmut      ####......   19%         5    ####...
 Venom Bolt               Conj/Pois      ####......   22%         5    ####...
 Ice Form                 Ice/Tmut       ##......     45%         4    #......
 Cause Fear               Hex            ##........   50%         4    #......
 Olgreb's Toxic Radiance  Pois           ##......     50%         4    #......
 Summon Lightning Spire   Summ/Air       ##......     50%         4    #......
 Orb of Destruction       Conj           ######....   65%         7    #######
 Blade Hands              Tmut           ##........   75%         5    ####...
 Conjure Ball Lightning   Conj/Air       ####......   75%         6    ######.
 Silence                  Hex/Air        ##........   85%         5    ####...
 Lehudib's Crystal Spear  Conj/Erth      ######....   96%         8    #######
 Deflect Missiles         Chrm/Air       ##........   100%        6    ######.
 Hydra Form               Tmut           ##........   100%        6    ######.
 Dragon Form              Tmut           ##........   100%        7    #######
 Glaciate                 Conj/Ice       ####......   100%        9    #######
 Shatter                  Erth           ######....   100%        9    #######
 Tornado                  Air            ##........   100%        9    #######
 Statue Form              Tmut/Erth      Unusable     N/A         6    N/A

Dungeon Overview and Level Annotations

Branches:
Dungeon (15/15)            Temple (0/1) D:7            Lair (0/6) D:11
    Orc (0/2) D:11         Vaults (0/5) D:14         Depths (0/5) D:15

Altars:
Dithmenos
Gozag
Kikubaaqudgha
Nemelex Xobeh
Okawaru
Qazlal
Ru
Sif Muna
Vehumet
Zin
The Shining One

Shops:
D:8 !   D:15 *


Innate Abilities, Weirdness & Mutations

You are resistant to torment.
Your stone body is resilient. (AC +10)
You are immune to poison.
Your large and strong wings let you fly indefinitely.
You resist negative energy. (rN+)
You are resistant to electric shocks. (rElec)
You can survive without breathing.
You are immune to petrification.
You are immune to rotting.


Message History

The yaktaur captain is lightly wounded.
The yaktaur captain hits you!! The yaktaur captain barely misses you.
You completely miss the yaktaur captain.
The yaktaur captain is lightly wounded.
The yaktaur captain hits you!
The yaktaur captain wields a +0 arbalest.
The yaktaur captain shoots a bolt.
The bolt barely misses you.
You hear a shout!
You reach down and close the door.
Something unseen opens the door.
The centaur warrior wields a longbow.
The centaur warrior shoots an arrow.
The arrow barely misses you.
A centaur warrior comes into view. It is wielding a +0 longbow.
The centaur warrior shoots an arrow.
The arrow misses you.
You see here 2 arrows.
The centaur warrior shoots an arrow.
The arrow hits you.
The yaktaur captain shoots a bolt.
The bolt hits you!!
Things that are here:
a bolt; an arrow The yaktaur captain shoots a bolt.
The bolt hits you!!!
You die...

### ########## #.# #
......≈≈# #.# #'###≈≈≈#.≈#
#.# #.c.#..(...###
#.#######
#.c.'..≈##.'.####......(#
#...#..((@)#............#
#+###≈≈≈#)≈#...#######..##
#........≈≈#...#.....#....
############...#.<...#.(..
#............#.....#....
#............#.....#....
#............#.....#.)..
#............#.....#....
#............#.....#....


You could see a yaktaur captain and a centaur warrior.

Vanquished Creatures
  Roxanne (D:14)
  A rakshasa (D:12)
  4 vault guards (D:14)
  Erolcha (D:10)
  5 hydras
  5 centaur warriors
  10 two-headed ogres
  An ogre mage (D:14)
  A death yak (D:9)
  A skeletal warrior (D:11)
  4 unseen horrors
  A wizard (D:14)
  A deep elf archer (D:14)
  2 orc knights
  5 ugly things
  3 deep elf magi
  2 cyclopes
  3 manticores
  Maurice (D:13)
  Psyche (D:9)
  2 centaur skeletons
  2 gargoyles
  A kobold demonologist (D:12)
  A komodo dragon (D:12)
  2 efreet
  A yaktaur (D:15)
  A freezing wraith (D:12)
  5 trolls
  A hornet (D:13)
  4 hippogriffs
  A meliai zombie (D:11)
  6 slime creatures
  A centaur simulacrum (D:12)
  3 shadows
  A yak (shapeshifter) (D:11)
  Sigmund (D:2)
  A vampire (D:12)
  2 wyverns
  19 yaks
  7 wraiths
  2 humans
  2 basilisks
  4 hogs (D:8)
  A vampire mosquito (D:11)
  2 hungry ghosts
  Edmund (D:5)
  2 acid dragons
  A soldier ant (D:13)
  A water moccasin (D:9)
  25 orc warriors
  5 phantoms
  8 sky beasts
  2 black bears
  An eye of draining (D:12)
  2 necrophages
  3 ice beasts
  3 ogres
  4 boggarts (D:14)
  21 centaurs
  3 crocodiles
  8 big kobolds
  A gnoll sergeant (D:9)
  8 bullfrogs
  2 wyvern skeletons
  5 scorpions
  7 killer bees
  9 wights
  2 vampire bats (D:11)
  3 howler monkeys
  5 centaur zombies
  3 bullfrog zombies
  8 crimson imps
  3 quasits
  3 bullfrog skeletons
  8 hounds
  4 jellies
  18 orc wizards
  13 orc priests
  A human zombie (Ossuary)
  Jessica (D:2)
  3 iguanas
  Ijyb (D:5)
  14 worker ants
  3 hound zombies
  4 mummies (Ossuary)
  2 worker ant zombies
  5 gnolls
  24 adders
  A river rat (Sewer)
  4 shadow imps
  10 oozes
  4 adder zombies
  2 adder skeletons
  8 worms
  4 dart slugs
  4 leopard geckos
  91 orcs
  7 ball pythons
  9 bats
  6 giant cockroaches
  2 gnoll zombies (Ossuary)
  14 goblins
  7 hobgoblins
  16 jackals
  19 kobolds
  9 quokkas
  5 frilled lizards
  2 hobgoblin zombies (Ossuary)
  A jackal zombie (Ossuary)
  A leopard gecko zombie (D:5)
  An orc zombie (Ossuary)
  5 rats
  A rat zombie (Ossuary)
609 creatures vanquished.

Vanquished Creatures (others)
  26 plants (D:11)
26 creatures vanquished.

Grand Total: 635 creatures vanquished

Notes
Turn   | Place    | Note
-------+----------+-------------------------------------------
     0 | D:1      | Nattfarinn the Gargoyle Earth Elementalist began the quest
                  | for the Orb.
     0 | D:1      | Reached XP level 1. HP: 10/10 MP: 3/3
    90 | D:1      | Reached skill level 4 in Earth Magic
    90 | D:1      | Reached XP level 2. HP: 15/15 MP: 1/5
   389 | D:1      | Reached XP level 3. HP: 19/19 MP: 3/6
   394 | D:1      | Learned a level 3 spell: Stone Arrow
   609 | D:2      | Noticed Sigmund
   930 | D:2      | Killed Sigmund
   930 | D:2      | Reached skill level 6 in Earth Magic
   930 | D:2      | Reached XP level 4. HP: 24/24 MP: 1/9
   930 | D:2      | Reached XP level 5. HP: 28/28 MP: 1/10
  1252 | D:2      | Reached XP level 6. HP: 32/32 MP: 7/11
  1336 | D:2      | Reached skill level 1 in Conjurations
  1565 | D:2      | Noticed Jessica
  1567 | D:2      | Killed Jessica
  1567 | D:2      | Reached skill level 7 in Earth Magic
  2315 | D:3      | Reached XP level 7. HP: 36/36 MP: 7/12
  2351 | D:3      | Found a sparkling altar of Nemelex Xobeh.
  2605 | D:4      | Found a sand-covered staircase.
  2609 | Ossuary  | Entered an ossuary
  2625 | Ossuary  | Reached skill level 8 in Earth Magic
  3528 | D:4      | Reached skill level 9 in Earth Magic
  3676 | D:4      | Learned a level 5 spell: Lee's Rapid Deconstruction
  3699 | D:5      | Entered Level 5 of the Dungeon
  3700 | D:5      | Noticed Ijyb
  3707 | D:5      | Killed Ijyb
  3748 | D:5      | Reached XP level 8. HP: 41/41 MP: 4/13
  4078 | D:5      | Reached skill level 10 in Earth Magic
  4094 | D:5      | Found an ancient bone altar of Kikubaaqudgha.
  4278 | D:5      | Found a deep blue altar of Sif Muna.
  4281 | D:5      | Became a worshipper of Sif Muna the Loreminder
  4329 | D:5      | Found a shadowy altar of Dithmenos.
  4490 | D:5      | Reached skill level 5 in Conjurations
  4583 | D:6      | Noticed Edmund
  4694 | D:5      | Killed Edmund
  4886 | D:6      | Reached skill level 11 in Earth Magic
  5013 | D:6      | Found a glowing drain.
  5018 | D:6      | Reached * piety under Sif Muna
  5018 | D:6      | Reached XP level 9. HP: 38/45 MP: 9/14
  5025 | Sewer    | Entered a sewer
  5314 | Sewer    | Reached skill level 12 in Earth Magic
  5590 | D:6      | Reached ** piety under Sif Muna
  5803 | D:6      | Found a glowing golden altar of the Shining One.
  6170 | D:7      | Found a staircase to the Ecumenical Temple.
  6204 | D:7      | Found a stormy altar of Qazlal.
  6733 | D:7      | Reached skill level 13 in Earth Magic
  7061 | D:7      | Reached XP level 10. HP: 36/50 MP: 9/15
  7184 | D:7      | Found a glowing silver altar of Zin.
  7301 | D:7      | Found a sacrificial altar of Ru.
  7413 | D:7      | Found an iron altar of Okawaru.
  7763 | D:8      | Reached skill level 5 in Spellcasting
  7884 | D:8      | Learned a level 1 spell: Sting
  7980 | D:8      | Found Naofaus's Distillery.
  7996 | D:8      | Bought a potion of mutation for 112 gold pieces
  8100 | D:8      | Reached *** piety under Sif Muna
  8657 | D:9      | Found a flagged portal.
  8668 | Bailey   | Entered a bailey
  8676 | Bailey   | Reached **** piety under Sif Muna
  9214 | Bailey   | Reached XP level 11. HP: 22/54 MP: 2/23
  9405 | Bailey   | Learned a level 4 spell: Petrify
 11267 | D:9      | Reached skill level 10 in Spellcasting
 11267 | D:9      | Reached skill level 1 in Armour
 11288 | D:9      | Noticed a death yak
 11300 | D:9      | Reached ***** piety under Sif Muna
 11305 | D:9      | Noticed Psyche
 11335 | D:9      | Killed Psyche
 11474 | D:9      | Killed a death yak
 11638 | D:9      | Reached skill level 5 in Armour
 11754 | D:10     | Entered Level 10 of the Dungeon
 11785 | D:10     | Identified Sif Muna's Compendium of the Hurtful Mountains
                  | (Sif Muna gifted it to you on level 10 of the Dungeon)
 11785 | D:10     | Received a gift from Sif Muna
 11834 | D:10     | Noticed a six-headed hydra
 11842 | D:10     | Killed a six-headed hydra
 12281 | D:10     | Noticed Erolcha
 12296 | D:10     | Killed Erolcha
 12518 | D:11     | Reached XP level 12. HP: 59/59 MP: 5/27
 12577 | D:11     | Found a staircase to the Orcish Mines.
 13044 | D:10     | Reached skill level 10 in Armour
 13751 | D:11     | Noticed a two-headed ogre
 13756 | D:11     | Killed a two-headed ogre
 13981 | D:11     | Noticed a centaur warrior
 14004 | D:11     | Noticed a centaur warrior
 14070 | D:11     | Noticed a centaur warrior
 14423 | D:11     | HP: 1/64 [red ugly thing (12)]
 15051 | D:11     | Reached skill level 5 in Fighting
 15113 | D:11     | Killed a centaur warrior
 15426 | D:12     | Noticed a two-headed ogre
 15434 | D:12     | Killed a two-headed ogre
 15545 | D:12     | Noticed an eight-headed hydra
 15547 | D:12     | Noticed a soul eater
 15750 | D:11     | Killed a centaur warrior
 15814 | D:11     | Killed a centaur warrior
 15814 | D:11     | Reached XP level 13. HP: 41/80 MP: 0/28
 16006 | D:11     | Found a staircase to the Lair.
 16558 | D:12     | Reached skill level 10 in Fighting
 16659 | D:12     | Noticed a rakshasa
 16704 | D:12     | Killed a rakshasa
 16944 | D:12     | Identified the +6 war axe "Lozoh" {holy, rF+ Str-5 Int+2
                  | Dex+4}
 17155 | D:12     | Identified the amulet of Getusuno {Gourm Fragile rF+ Dex+6}
 17819 | D:12     | Reached skill level 5 in Dodging
 19670 | D:13     | Noticed Maurice
 19673 | D:13     | Killed Maurice
 20037 | D:13     | Found a radiant altar of Vehumet.
 20190 | D:13     | Gained mutation: Your large and strong wings let you fly
                  | indefinitely. [Gargoyle growth]
 20190 | D:13     | Reached XP level 14. HP: 88/88 MP: 16/29
 22293 | D:14     | Found a gate to the Vaults.
 22764 | D:14     | Reached skill level 10 in Dodging
 22942 | D:14     | Identified Sif Muna's Reference Book on Quantum
                  | Confrontation (Sif Muna gifted it to you on level 14 of the
                  | Dungeon)
 22942 | D:14     | Received a gift from Sif Muna
 22955 | D:14     | Learned a level 6 spell: Iron Shot
 23160 | D:14     | Identified Roxanne's Compendium of Changing
 23160 | D:14     | Noticed Roxanne
 23617 | D:14     | Killed Roxanne
 23802 | D:15     | Entered Level 15 of the Dungeon
 24563 | D:15     | Found Gozag's Platinum Reserve.
 24567 | D:15     | Found an opulent altar of Gozag.
 25132 | D:15     | Identified the Collected Works on Feathers
 25186 | D:15     | Reached skill level 14 in Earth Magic
 25211 | D:15     | Found a staircase to the Depths.
 25220 | D:15     | Shot with a bolt by a yaktaur captain

Skill      XL: |  1  2  3  4  5  6  7  8  9 10 11 12 13 14 |
---------------+-------------------------------------------+-----
Earth Magic    | 4 6 7 9 11 13 14 | 14.0
Spellcasting   | 3 8 11 | 11.1
Conjurations   | 2 4 5 7 8 9 |  9.7
Armour         | 9 13 | 13.1
Fighting       | 8 10 | 10.4
Dodging        | 8 10 | 10.2
Stealth        | |  2.1
Transmutations | |  0.7

Action                   |  1- 3 |  4- 6 |  7- 9 | 10-12 | 13-15 || total
-------------------------+-------+-------+-------+-------+-------++-------
Melee: Short sword       |       |       |    31 |       |       ||    31
       Dagger            |       |       |     6 |       |       ||     6
       Dire flail        |       |       |   107 |   195 |    23 ||   325
       War axe           |       |       |       |       |    55 ||    55
 Cast: Sandblast         |    28 |    71 |   175 |    60 |       ||   334
       Stone Arrow       |       |     3 |    11 |   170 |   225 ||   409
       Lee's Rapid Decon |       |       |    13 |   112 |   106 ||   231
       Sting             |       |       |       |    55 |       ||    55
       Petrify           |       |       |       |    20 |    11 ||    31
       Iron Shot         |       |       |       |       |    34 ||    34
 Abil: Fly               |       |       |       |       |     1 ||     1
  Use: Scroll            |       |       |     8 |    15 |    12 ||    35
       Potion            |       |       |       |    11 |     4 ||    15
 Stab: Sleeping          |       |       |     4 |     2 |       ||     6
       Petrified         |       |       |       |     2 |     5 ||     7
       Petrifying        |       |       |       |     1 |       ||     1
  Eat: Chunk             |       |     5 |    10 |    35 |    61 ||   111
       Ration            |       |       |     3 |     6 |     5 ||    14
Armor: Robe              |     1 |    15 |   100 |   232 |   103 ||   451
Dodge: Dodged            |     6 |    20 |   164 |   295 |   199 ||   684
